Map: Blackpink LE

Players

Dark - Winner!

  • Race: Zerg Zerg

uThermal

  • Race: Terran Terran

Event: WESG 2017 Haikou

VOD

Have the link to the VOD?

Description

Time

  • Played on: March 14, 2018, 1:31 a.m.
  • Length: 21:13

All games in this series

Show
View Real Time Build Order
Export as new Build Order

Dark Zerg - Winner!

Build Orders: Hatch First 

Get SALT Encoding   

  12  0:00  Drone  
  13  0:12  Overlord  
  13  0:16  Drone  
  14  0:31  Drone x2  
  16  0:36  Drone  
  17  0:52  Hatchery  
  17  0:53  Drone  
  17  0:59  Drone  
  18  1:07  Extractor  
  17  1:14  Spawning Pool  
  17  1:15  Drone  
  17  1:18  Drone  
  18  1:28  Drone  
  19  1:40  Drone  
  20  1:50  Overlord  
  20  2:01  Queen  
  22  2:04  Queen  
  22  2:05  Zergling x4  
  22  2:07  Metabolic Boost  
  26  2:12  Drone  
  27  2:15  Drone  
  27  2:21  Drone  
  29  2:33  Spore Crawler  
  29  2:39  Drone  
  29  2:40  Drone, Hatchery  
  30  2:45  Queen  
  32  2:51  Overlord  
  32  2:53  Drone  
  33  3:02  Overlord  
  33  3:04  Drone x2  
  35  3:07  Drone  
  35  3:12  Drone x3  
  39  3:15  Drone x2  
  39  3:17  Drone  
  42  3:21  Drone  
  42  3:22  Drone  
  44  3:28  Roach Warren  
  44  3:32  Queen  
  45  3:39  Drone x2  
  47  3:41  Overlord  
  47  3:43  Drone  
  47  3:45  Extractor, Zergling x2  
  47  3:47  Extractor  
  47  3:54  Drone x4  
  47  3:55  Drone  
  52  3:57  Drone  
  52  4:00  Zergling x4  
  55  4:03  Lair  
  55  4:09  Spore Crawler  
  55  4:20  Roach  
  55  4:21  Roach x2  
  61  4:24  Overlord  
  61  4:30  Overlord  
  61  4:37  Overlord  
  61  4:42  Drone  
  61  4:43  Drone x4  
  66  4:49  Drone  
  66  4:50  Drone x5  
  72  4:55  Drone x2  
  72  4:58  Drone x3  
  72  4:59  Drone  
  78  5:01  Glial Reconstitution  
  78  5:06  Evolution Chamber  
  77  5:07  Evolution Chamber  
  77  5:08  Drone x3  
  79  5:16  Drone  
  79  5:20  Drone  
  81  5:26  Drone  
  82  5:29  Overlord x2  
  82  5:32  Hatchery  
  82  5:33  Extractor, Zerg Melee Weapons Level 1  
  82  5:34  Zerg Ground Armor Level 1, Extractor  
  79  5:36  Overlord  
  79  5:39  Overlord  
  79  5:43  Overlord  
  79  5:47  Overlord  
  79  5:48  Drone x6  
  85  5:54  Roach x3  
  85  5:55  Ravager x3  
  94  5:58  Roach  
  94  6:02  Roach x3  
  94  6:03  Roach x4  
  110  6:07  Roach  
  112  6:12  Roach  
  112  6:13  Roach x2  
  118  6:19  Baneling Nest  
  118  6:20  Drone  
  118  6:21  Hatchery  
  118  6:25  Zergling x8  
  121  6:28  Overseer  
  121  6:32  Zergling x4  
  123  6:38  Infestation Pit  
  122  6:48  Drone  
  122  6:50  Spore Crawler  
  122  6:55  Drone x11  
  122  6:56  Drone x3  
  134  7:03  Hatchery  
  134  7:07  Baneling x6  
  134  7:08  Centrifical Hooks  
  133  7:11  Zergling x2  
  133  7:12  Zergling x2  
  135  7:18  Baneling x3  
  135  7:19  Overlord  
  135  7:20  Overlord x2  
  135  7:22  Hive  
  135  7:29  Overlord  
  135  7:33  Overlord x2  
  135  7:34  Zergling x12  
  135  7:36  Zerg Melee Weapons Level 2  
  141  7:37  Zerg Ground Armor Level 2  
  141  7:40  Zergling x2  
  141  7:41  Zergling x10  
  147  7:47  Baneling x2  
  147  7:48  Zergling x12  
  153  7:52  Zergling x14  
  155  7:59  Overlord  
  146  8:09  Zergling x18  
  152  8:18  Drone  
  152  8:19  Drone x3  
  156  8:20  Extractor  
  156  8:25  Drone x6  
  161  8:27  Drone  
  161  8:31  Baneling x3  
  161  8:34  Overlord x2, Adrenal Glands  
  161  8:35  Viper  
  161  8:37  Ultralisk Cavern  
  163  8:46  Spore Crawler  
  162  8:49  Drone x2  
  162  8:50  Drone x4, Hatchery  
  162  8:51  Zergling x18  
  176  8:55  Baneling x2  
  176  8:56  Baneling x2  
  176  9:05  Spore Crawler  
  176  9:07  Overlord x2  
  175  9:10  Zergling x4  
  175  9:11  Zergling x22  
  175  9:28  Chitinous Plating  
  175  9:30  Ultralisk x2  
  187  9:31  Drone x3  
  187  9:36  Hatchery  
  186  9:40  Drone  
  187  9:50  Spire  
  187  9:51  Extractor  
  187  9:52  Drone x4  
  184  9:54  Extractor  
  184  9:59  Ultralisk x2  
  186  10:00  Zergling x2  
  186  10:01  Zergling x26  
  191  10:07  Ultralisk, Zergling x4  
  191  10:08  Zergling x12  
  191  10:11  Baneling  
  191  10:12  Baneling x6  
  191  10:15  Zergling x14  
  191  10:21  Baneling x4  
  198  10:24  Zergling x2  
  196  10:36  Zerg Melee Weapons Level 3  
  196  10:39  Zergling x12  
  199  10:43  Baneling x5  
  199  10:45  Zergling x2  
  169  10:59  Zergling x34  
  169  11:01  Baneling x5  
  169  11:02  Baneling  
  169  11:03  Ultralisk, Zergling x12  
  169  11:04  Zergling x4  
  181  11:13  Zergling x14  
  175  11:26  Baneling x5  
  175  11:27  Ultralisk  
  175  11:28  Zergling x12  
  175  11:31  Zergling x10  
  189  11:43  Ultralisk  
  189  11:44  Zergling x6  
  189  11:59  Ultralisk  
  175  12:03  Zergling x22  
  173  12:10  Ultralisk  
  168  12:19  Ultralisk x2, Zergling x2  
  168  12:20  Zergling x10  
  184  12:28  Baneling x2  
  177  12:32  Zergling x2  
  177  12:33  Zergling x10  
  177  12:36  Baneling Nest  
  160  12:48  Queen x4  
  160  12:50  Ultralisk x2  
  160  12:51  Zergling x20  
  168  12:54  Zergling x2  
  178  13:03  Zergling x10  
  183  13:08  Queen x2  
  183  13:11  Spore Crawler, Zergling x10  
  190  13:16  Hatchery  
  190  13:18  Zergling x2  
  187  13:21  Corruptor x5, Baneling x3  
  187  13:26  Corruptor  
  198  13:38  Baneling  
  198  13:39  Baneling x9  
  196  13:42  Baneling  
  193  13:55  Zergling x20  
  188  14:08  Ultralisk x2  
  178  14:14  Zergling x4  
  178  14:15  Zergling x18  
  180  14:30  Ultralisk x2  
  192  14:32  Zergling x16  
  200  14:42  Hatchery, Baneling x12  
  200  14:44  Zergling x2  
  200  14:55  Zerg Flyer Weapons Level 1  
  200  14:59  Hatchery  
  199  15:00  Zergling x2  
  199  15:06  Baneling  
  190  15:23  Corruptor x4  
  198  15:36  Zergling x2  
  199  15:59  Hatchery  
  199  16:00  Extractor  
  199  16:02  Zergling x4  
  199  16:03  Baneling x3  
  199  16:04  Baneling x6  
  199  16:19  Drone, Spore Crawler  
  197  16:36  Zergling x2  
  197  16:37  Zergling x6  
  199  16:46  Baneling x6  
  199  16:47  Baneling x3  
  172  17:02  Zergling x36  
  172  17:03  Zergling x6  
  172  17:04  Hatchery  
  172  17:06  Ultralisk x2  
  172  17:07  Zergling x6  
  198  17:12  Zergling x4  
  198  17:14  Drone x3  
  199  17:16  Drone x2  
  199  17:17  Drone  
  199  17:20  Zerg Flyer Weapons Level 2  
  199  17:36  Spore Crawler  
  198  17:38  Baneling x5  
  198  17:39  Baneling x29  
  198  17:40  Baneling x19  
  198  17:42  Zergling x2  
  196  17:54  Zergling x4  
  196  17:58  Zergling x6  
  189  18:13  Zergling x4  
  189  18:14  Zergling x4  
  189  18:15  Zergling x8  
  187  18:21  Zergling x2  
  187  18:25  Zergling x4  
  157  18:36  Zergling x26  
  157  18:37  Zergling x24  
  179  18:44  Zergling x6  
  172  18:53  Zergling x14  
  172  18:54  Zergling x2  
  170  18:58  Zergling x6  
  170  19:00  Zergling x4  
  170  19:01  Zergling x4  
  177  19:05  Zergling x2  
  177  19:08  Zergling x2  
  173  19:11  Zergling x8  
  177  19:23  Hatchery  
Show
View Real Time Build Order
Export as new Build Order

uThermal Terran 

Build Orders: Reaper Expand, Bio Tank 

Get SALT Encoding   

  12  0:01  SCV  
  13  0:13  SCV  
  14  0:17  Supply Depot  
  14  0:25  SCV  
  15  0:39  SCV  
  15  0:40  Barracks  
  16  0:44  Refinery  
  16  0:51  SCV  
  17  1:03  SCV  
  18  1:15  SCV  
  19  1:27  Orbital Command, Reaper  
  20  1:39  Command Center  
  20  1:49  Supply Depot  
  20  1:53  SCV  
  21  1:59  Marine  
  22  2:05  SCV  
  22  2:08  Factory  
  23  2:13  Refinery  
  23  2:17  SCV  
  23  2:22  Barracks Reactor  
  24  2:29  SCV  
  25  2:41  SCV  
  26  2:53  Starport  
  26  2:54  Orbital Command  
  26  2:55  SCV  
  27  3:04  Hellion x2  
  31  3:06  Barracks Tech Lab  
  31  3:08  SCV  
  31  3:10  Supply Depot  
  32  3:19  SCV  
  33  3:20  SCV  
  33  3:25  Hellion x2  
  38  3:31  SCV  
  38  3:32  SCV  
  40  3:36  Banshee  
  43  3:44  SCV x2  
  45  3:50  Command Center  
  45  3:55  Barracks Tech Lab  
  45  3:56  SCV x2  
  45  4:02  Factory Reactor  
  47  4:05  Supply Depot  
  47  4:08  SCV  
  47  4:09  SCV  
  49  4:13  Marine  
  49  4:15  Stimpack  
  49  4:19  Barracks  
  49  4:20  SCV  
  49  4:21  SCV  
  49  4:24  Barracks  
  51  4:32  SCV  
  51  4:33  SCV  
  51  4:37  Engineering Bay  
  53  4:38  Engineering Bay  
  53  4:41  Marine, Starport Reactor  
  53  4:44  Refinery, SCV  
  53  4:45  Refinery, SCV  
  56  4:48  Siege Tank  
  59  4:54  Supply Depot  
  59  4:56  SCV  
  59  4:57  SCV  
  59  4:58  Marine  
  62  5:01  Orbital Command  
  62  5:04  Terran Infantry Weapons Level 1  
  62  5:06  Terran Infantry Armor Level 1  
  62  5:08  Marine  
  62  5:10  Marine  
  62  5:13  SCV  
  65  5:14  SCV  
  65  5:16  Marine x2  
  65  5:17  Marine  
  69  5:22  Orbital Command  
  69  5:24  Siege Tank  
  69  5:26  Marine  
  69  5:28  Marine  
  74  5:29  Medivac  
  74  5:30  Medivac  
  74  5:31  SCV  
  74  5:34  Marine  
  80  5:38  SCV, Marine, Supply Depot  
  80  5:40  Marine  
  83  5:43  SCV  
  83  5:44  Marine  
  85  5:50  Supply Depot  
  85  6:00  SCV x3, Marine x4  
  85  6:01  Marine  
  93  6:07  Supply Depot  
  93  6:12  SCV x2, Siege Tank, Medivac  
  93  6:17  Marine  
  101  6:18  Supply Depot  
  101  6:19  Combat Shields  
  101  6:27  Supply Depot  
  101  6:29  SCV x3, Marine x4  
  101  6:31  Armory  
  108  6:35  Marine  
  108  6:37  Barracks  
  108  6:38  Barracks  
  109  6:40  Medivac  
  109  6:41  SCV  
  109  6:42  Medivac  
  109  6:47  Marine x3  
  113  6:50  Refinery, Marine  
  113  6:51  Refinery, Factory  
  113  6:53  Siege Tank  
  119  6:57  SCV  
  119  6:58  Marine  
  119  6:59  Supply Depot  
  121  7:04  Marine x3  
  121  7:07  SCV  
  121  7:08  Marine  
  125  7:13  Supply Depot  
  125  7:17  Supply Depot  
  125  7:20  Marine  
  125  7:21  Terran Infantry Weapons Level 2, Medivac x2  
  130  7:25  Supply Depot  
  130  7:28  Barracks Reactor  
  130  7:29  SCV, Marine x2, Barracks Reactor  
  133  7:37  SCV  
  133  7:38  Marine x2, Factory Tech Lab  
  133  7:39  Terran Infantry Armor Level 2  
  133  7:41  Marine  
  133  7:42  Supply Depot  
  137  7:47  SCV x2, Marine  
  137  7:49  Siege Tank  
  143  7:53  Marine  
  143  7:55  Marine  
  143  7:56  Marine  
  145  7:59  Marine  
  145  8:04  SCV  
  145  8:05  Marine  
  147  8:11  Marine  
  138  8:13  Marine x3  
  138  8:14  SCV  
  138  8:16  Siege Tank, Marine x2  
  138  8:19  Marine x2, Terran Vehicle Weapons Level 1, Medivac x2  
  147  8:23  Marine  
  147  8:26  Command Center  
  149  8:28  Marine  
  149  8:31  Marine x3  
  149  8:32  Siege Tank  
  149  8:34  Marine x2  
  155  8:37  Marine x2  
  155  8:38  Supply Depot  
  155  8:39  Supply Depot  
  155  8:40  Marine  
  158  8:46  Marine  
  159  8:48  Supply Depot  
  159  8:49  Marine x3  
  159  8:51  Marine x2  
  159  8:55  Marine  
  165  8:57  Sensor Tower  
  165  8:59  Siege Tank, Marine x2  
  170  9:03  Supply Depot  
  170  9:04  Marine  
  170  9:05  Siege Tank  
  170  9:07  Marine x2  
  170  9:09  Marine x3  
  179  9:11  Medivac  
  179  9:13  Marine  
  179  9:16  Supply Depot  
  179  9:17  Marine  
  182  9:21  Marine  
  182  9:22  Marine  
  172  9:24  Marine  
  172  9:25  Marine, Medivac  
  172  9:27  Marine x3  
  179  9:31  Siege Tank  
  179  9:32  Marine  
  179  9:34  Marine  
  179  9:37  Siege Tank  
  179  9:39  Marine  
  179  9:40  Marine  
  179  9:42  Planetary Fortress, Marine  
  180  9:45  SCV  
  180  9:47  Marine  
  180  9:48  Marine  
  180  9:56  Marine  
  180  9:57  Marine x3  
  174  10:02  SCV x2, Marine x2  
  174  10:03  Marine  
  174  10:05  Marine x2  
  175  10:14  Marine x2  
  175  10:16  Terran Infantry Armor Level 3  
  175  10:19  SCV  
  175  10:20  SCV x2  
  180  10:21  SCV  
  181  10:32  SCV x3  
  181  10:33  SCV  
  181  10:34  Marine  
  181  10:35  Marine x3  
  186  10:37  Marine  
  186  10:38  Marine x2  
  186  10:41  Marine x2  
  190  10:44  SCV  
  190  10:47  Siege Tank  
  193  10:51  Marine  
  193  10:53  Marine x2  
  193  10:56  Marine  
  175  10:58  Liberator x2  
  175  10:59  Marine x5  
  179  11:09  Marine  
  168  11:13  Marine x2  
  168  11:14  Siege Tank, Marine  
  168  11:16  Marine  
  168  11:17  Marine x3  
  177  11:20  Marine  
  178  11:27  Marine  
  178  11:31  Siege Tank, Marine x2  
  178  11:32  Marine  
  185  11:34  Marine x2  
  185  11:35  Marine x2  
  185  11:38  Marine  
  188  11:41  Liberator  
  188  11:45  Marine  
  186  11:49  Marine x2  
  186  11:50  Marine  
  186  11:52  Marine x4  
  190  11:56  Marine  
  190  12:00  SCV  
  179  12:01  SCV, Liberator  
  179  12:02  SCV  
  179  12:03  Marine  
  179  12:05  Siege Tank  
  179  12:07  Marine x2  
  179  12:08  Siege Tank, Marine  
  178  12:09  SCV  
  178  12:10  Marine x4  
  178  12:14  Marine  
  175  12:20  Marine  
  178  12:24  Marine  
  178  12:25  Marine  
  178  12:27  Marine  
  178  12:28  Liberator  
  181  12:30  Marine  
  182  12:40  Marine  
  182  12:44  Marine, Liberator  
  174  12:47  Marine x3  
  174  12:49  Marine  
  163  12:51  SCV  
  161  13:00  Marine  
  161  13:02  Marine x2  
  161  13:04  Marine x2  
  169  13:06  Marine  
  168  13:14  Liberator  
  168  13:16  Marine x3  
  168  13:18  Marine  
  170  13:20  Marine  
  170  13:27  Liberator  
  170  13:32  Marine  
  168  13:35  Marine x2  
  170  13:43  Marine  
  170  13:46  Marine  
  175  13:51  Marine x3  
  178  13:56  Siege Tank, Marine  
  178  13:57  Marine x3, Liberator  
  176  14:05  Marine  
  176  14:09  Marine x2  
  148  14:10  Liberator  
  148  14:13  Siege Tank  
  148  14:15  Marine x2  
  148  14:17  Marine  
  126  14:18  Marine  
  126  14:22  Marine x2  
  126  14:24  Marine  
  120  14:27  Marine  
  120  14:29  Marine  
  125  14:33  Marine  
  125  14:34  SCV x3  
  125  14:36  SCV  
  131  14:46  SCV x2, Marine  
  131  14:49  Siege Tank  
  131  14:51  Siege Tank  
  140  14:54  Marine x2  
  140  14:55  Marine, Missile Turret  
  140  14:58  Marine x2  
  140  14:59  Marine  
  139  15:07  Liberator  
  139  15:11  Marine x2  
  141  15:21  Siege Tank, Liberator  
  134  15:25  Siege Tank, Marine x3  
  134  15:28  Marine x2  
  140  15:30  Marine  
  140  15:31  Marine  
  140  15:32  Marine  
  140  15:33  Marine, Command Center  
  146  15:43  Marine, Starport  
  146  15:45  Marine  
  146  15:46  Marine, Fusion Core  
  149  15:50  Liberator  
  149  15:51  Marine  
  149  15:52  Marauder  
  149  15:56  Marine  
  153  16:03  Marine  
  153  16:04  Liberator  
  154  16:09  Liberator  
  157  16:11  Marine x2  
  157  16:13  Marauder  
  157  16:16  Marine  
  162  16:19  Marine x2  
  161  16:33  Liberator  
  161  16:34  Marauder  
  161  16:35  Marine x2  
  158  16:46  Liberator  
  158  16:52  Siege Tank, Marine, Liberator  
  164  16:56  Marauder  
  148  17:07  Marine x2  
  130  17:10  Marine x2  
  130  17:15  Marine  
  136  17:16  Liberator  
  136  17:17  Marauder  
  128  17:22  Marine  
  128  17:23  Marine  
  128  17:26  Marine x2  
  128  17:28  Siege Tank x2  
  128  17:29  Marine x2  
  140  17:33  Marine  
  144  17:39  Marauder  
  144  17:40  Marine x2  
  144  17:41  Liberator  
  144  17:43  Marine  
  144  17:44  Marine  
  136  17:59  Marine x4  
  136  18:00  Marauder, Siege Tank x2  
  136  18:02  Marine x2  
  150  18:09  Marine  
  139  18:15  Marine  
  139  18:17  Marine x2  
  139  18:18  Marine  
  155  18:20  Medivac x2  
  115  18:21  Marauder, Marine  
  115  18:23  Marine  
  115  18:24  Marine  
  102  18:36  Marine x2  
  102  18:39  Marine x2  
  102  18:41  Medivac  
  95  18:43  Marauder, Marine  
  95  18:44  Marine  
  97  18:53  Medivac x2  
  97  18:55  Marine  
  95  19:00  Marine  
  95  19:01  Marine x4  
  100  19:04  Marauder, Marine  
  100  19:05  Marine  
  104  19:10  Siege Tank  
  104  19:12  Marine  
  108  19:26  Marauder  
Tags
 
Add a new tag
Caveats
  • Supply blocks, unpowered buildings, or Contaminate may cause inaccurate times.
  • Supply counts are checked every 10 seconds.